 Dungeon Crawl Stone Soup version 0.31-a0-640-g39d97e502b (webtiles) character file.

Game seed: 17534360101630160423

337 Edyrem the Changeling (level 6, -1/48 HPs)
             Began as a Formicid Shapeshifter on Aug 28, 2023.
             Slain by an orc wizard
             ... wielding a +0 dagger
              (3 damage)
             ... on level 4 of the Dungeon.
             The game lasted 00:09:20 (3609 turns).

Edyrem the Changeling (Formicid Shapeshifter)       Turns: 3609, Time: 00:09:20

Health: -1/48      AC:  8    Str: 20    XL:     6   Next: 85%
Magic:  6/6        EV:  9    Int: 10    God:
Gold:   238        SH:  0    Dex: 13    Spells: 5/5 levels left

rFire   . .          .
                       - Unarmed
rCold   . . .        (no shield)
rNeg    . . .        l - +0 chain mail
rPois   .            (helmet unavailable)
rElec   .            (cloak currently unavailable)
rCorr   .            (gloves currently unavailable)
SInv    +            (boots currently unavailable)
Will    .....        (no amulet) Stlth
                     (no ring)
HPRegen 0.28/turn    (no ring)
MPRegen 0.10/turn

%: no passive effects
@: beast-form
A: beast (slay +2), permanent stasis, dig shafts and tunnels, antennae 3, four
strong arms
a: Dig, Shaft Self, Begin Untransformation


You were on level 4 of the Dungeon.
You were a hulking beast.
You visited 1 branch of the dungeon, and saw 4 of its levels.

You collected 238 gold pieces.

Inventory:

Hand Weapons
 b - a +1 whip of distortion
 m - a +0 short sword of electrocution
 r - a +0 antimagic hand axe
Missiles
 w - 8 boomerangs
Armour
 a - a +0 animal skin
 l - a +0 chain mail (worn)
Talismans
 c - a beast talisman (active)
 d - a flux talisman
 u - a dragon-blood talisman
Wands
 v - a wand of charming (6)
Scrolls
 h - 2 scrolls of identify {unknown}
 i - a scroll of enchant weapon {unknown}
 k - 2 scrolls of brand weapon {unknown}
 o - a scroll of revelation {unknown}
 p - 2 scrolls of silence {unknown}
 s - a scroll of amnesia {unknown}
 x - a scroll of fog {unknown}
Potions
 e - a potion of curing {unknown}
 f - a potion of heal wounds {unknown}
 g - 2 potions of degeneration {unknown}
 j - a potion of lignification
 n - 3 potions of haste {unknown}
 q - a potion of brilliance {unknown}
 t - 2 potions of might {unknown}


   Skills:
 + Level 3.9 Fighting
 + Level 3.2 Dodging
 - Level 3.4 Unarmed Combat
 * Level 5.2 Shapeshifting


You had 5 spell levels left.
You didn't know any spells.
Your spell library contained the following spells:

 Spells                   Type           Power      Damage    Failure   Level
 Freeze                   Ice            0%         1d3       98%         1
 Slow                     Hex            0%         N/A       98%         1
 Confusing Touch          Hex            0%         N/A       100%        3
 Frozen Ramparts          Ice            0%         1d1       100%        3
 Hailstorm                Conj/Ice       0%         3d3       100%        3
 Vampiric Draining        Necr           0%         2d6       100%        3


Dungeon Overview and Level Annotations

Branches:
Dungeon (4/15)
 Temple: D:4-7

Altars:


Innate Abilities, Weirdness & Mutations

You are a hulking beast.
Your limbs bulge with bestial killing power. (Slay +2)
You cannot be hasted, slowed, berserked, paralysed or teleported.
You can dig through walls and to a lower floor.
You have a pair of large antennae on your head. (SInv)
Your four strong arms can wield two-handed weapons with a shield.


Message History

The orc wizard is severely wounded.
You closely miss the orc wizard.
The orc wizard is severely wounded.
The orc wizard hits you but does no damage. x2
You hit the orc wizard but do no damage.
The orc wizard is severely wounded.
The orc wizard hits you but does no damage.
The orc wizard hits you with a +0 dagger.
You are too injured to fight recklessly!
You are too injured to fight recklessly!
You are too injured to fight recklessly!
You are too injured to fight recklessly!
You are too injured to fight recklessly!
You punch the orc wizard!
You kill the orc wizard!
The orc wizard hits you but does no damage.
You hit the orc wizard.
The orc wizard is lightly wounded.
The orc wizard hits you but does no damage.
Space warps around you. The orc wizard closely misses you.
You hit the orc wizard.
The orc wizard is moderately wounded.
You hit the orc wizard.
The orc wizard is heavily wounded.
The orc wizard closely misses you.
The orc wizard hits you but does no damage.
You hit the orc wizard.
The orc wizard is severely wounded.
The orc wizard hits you with a +3 dagger of distortion.
Space warps horribly around you!
* * * LOW HITPOINT WARNING * * *
The orc wizard points at you and mumbles some strange words.
The magic dart hits you!
* * * LOW HITPOINT WARNING * * *
You hit the orc wizard but do no damage.
The orc wizard is severely wounded.
The orc wizard gestures at you while chanting.
You resist with some effort.
The orc wizard hits you with a +0 dagger.
You die...

#.# #.# #######.####.#
..........##.# #######
######.###.#.#####.....##
#.# #.........###..# #.#
#.#.#.....#.#...#
##......#...###.# #.#
#.#######.#ooo..# . #.
#h#'#.### # #ooo#.#... #
##..###.... # #.....#.# #
...... # .###.# ####.. .
# ...'.. . .###


You could see 3 orc wizards.

Vanquished Creatures
  A hound (D:4)
  Natasha (thrice) (D:3)
  3 orc wizards
  Robin (D:3)
  5 adders
  A worm (D:3)
  4 dart slugs
  7 orcs
  6 bats
  6 endoplasms
  6 giant cockroaches
  16 goblins
  8 hobgoblins
  3 jackals (D:1)
  7 kobolds
  2 quokkas
  4 ball pythons
  4 rats
87 creatures vanquished.

Notes
Turn   | Place    | Note
-------+----------+-------------------------------------------
     0 | D:1      | Edyrem the Formicid Shapeshifter began the quest for the
                  | Orb.
     0 | D:1      | Reached XP level 1. HP: 15/15 MP: 1/1
   214 | D:1      | Reached XP level 2. HP: 21/21 MP: 2/2
   406 | D:1      | Reached XP level 3. HP: 27/27 MP: 3/3
  1184 | D:2      | Reached XP level 4. HP: 16/34 MP: 4/4
  2038 | D:3      | Noticed Robin
  2050 | D:3      | Killed Robin
  2075 | D:3      | Reached skill level 4 in Shapeshifting
  2080 | D:3      | Reached XP level 5. HP: 13/41 MP: 5/5
  2252 | D:3      | Noticed Natasha
  2260 | D:3      | Killed Natasha
  2454 | D:3      | Noticed Natasha
  2462 | D:3      | Killed Natasha
  2598 | D:3      | Reached XP level 6. HP: 33/47 MP: 6/6
  3014 | D:3      | Noticed Natasha
  3023 | D:3      | Killed Natasha
  3181 | D:4      | Reached skill level 5 in Shapeshifting
  3608 | D:4      | HP: 2/48 [orc wizard/magic dart (7)]
  3609 | D:4      | Slain by an orc wizard

Illustrated notes

Levels and vault maps discovered:
D:1:      dpeg_arrival_chambers_temple_mockup, layout_basic
D:2:      layout_basic
D:3:      layout_loops_ring, uniq_natasha, uniq_robin
D:4:      layout_loops_corners, serial_shops, shop, serial_glass,
          glass_columns_c, glass_columns_a, glass_columns_a, glass_columns_b,
          glass_columns_b, glass_columns_c, nrook_mini_vaults,
          minmay_a_box_with_orc_wizards_in_it

Skill      XL: |  1  2  3  4  5  6 |
---------------+-------------------+-----
Dodging        | 2 3 |  3.2
Fighting       | 2 3 |  3.9
Shapeshifting  | 4 5 |  5.2
Unarmed Combat | |  3.4

Action                     |  1- 3 |  4- 6 || total
---------------------------+-------+-------++-------
  Melee: Unarmed           |   106 |   174 ||   280
         Punch             |     2 |     3 ||     5
    Use: Scroll            |       |     2 ||     2
 Armour: Animal skin       |    25 |       ||    25
         Chain mail        |     2 |    93 ||    95
  Dodge: Dodged            |    73 |    81 ||   154

Table legend: (Time is in decaauts)
 A = Elapsed time spent in this place.
 B = Non-inter-level travel time spent in this place.
 C = Inter-level travel time spent in this place.
 D = Time resting spent in this place.
 E = Time spent auto-exploring this place.
 F = Levels seen in this place.
 G = Mean time per level.
                   A        B        C        D        E       F      G
               +--------+--------+--------+--------+--------+-----+--------+
         Total |   3589 |   3346 |    243 |     24 |   2696 |   4 |  897.2 |
       Dungeon |   3589 |   3346 |    243 |     24 |   2696 |   4 |  897.2 |
               +--------+--------+--------+--------+--------+-----+--------+

Top non-repeatable levels by time:
     D:1: 1160 daAuts
     D:3: 1123 daAuts
     D:2: 737 daAuts
     D:4: 568 daAuts
